Map: [ESL] Cosmic Sapphire

Players

Ranger - Winner!

  • Race: Protoss Protoss
  • Spawn Location: 5:00

TeebuL

  • Race: Protoss Protoss
  • Spawn Location: 11:00

Event: DreamHack SC2 Masters 2022 Atlanta (Online)

VOD

Have the link to the VOD?

Description

Time

  • Played on: Sept. 28, 2022, 5:50 a.m.
  • Length: 9:57

All games in this series

Show
View Real Time Build Order
Export as new Build Order

Ranger Protoss - Winner!

Build Orders: Oracle Opening 

Get SALT Encoding   

  12  0:00  Probe  
  13  0:12  Probe  
  14  0:20  Pylon  
  14  0:24  Probe (Chrono Boost)  
  15  0:38  Gateway  
  15  0:39  Probe (Chrono Boost)  
  16  0:46  Probe (Chrono Boost)  
  16  0:48  Assimilator  
  17  0:53  Probe (Chrono Boost)  
  17  0:56  Assimilator  
  18  1:05  Probe (Chrono Boost)  
  18  1:09  Gateway  
  19  1:14  Probe (Chrono Boost)  
  20  1:20  Probe  
  21  1:26  Cybernetics Core  
  21  1:32  Probe  
  22  1:40  Pylon  
  22  1:44  Probe  
  23  1:58  Probe  
  24  2:03  Adept x2, Warp Gate  
  24  2:05  Pylon  
  28  2:19  Pylon  
  28  2:21  Shield Battery  
  28  2:29  Stargate  
  28  2:33  Probe  
  29  2:42  Stalker  
  31  2:44  Stalker  
  31  2:50  Pylon  
  33  3:09  Nexus  
  33  3:16  Oracle (Chrono Boost)  
  36  3:24  Probe (Chrono Boost)  
  37  3:29  Shield Battery  
  37  3:35  Sentry  
  37  3:36  Probe (Chrono Boost)  
  40  3:42  Stalker  
  42  3:48  Probe (Chrono Boost)  
  43  3:58  Pylon  
  43  4:00  Probe  
  44  4:16  Probe  
  41  4:17  Robotics Facility  
  41  4:19  Pylon  
  42  4:25  Adept  
  42  4:26  Adept  
  42  4:28  Probe  
  46  4:32  Probe  
  47  4:40  Probe  
  47  4:44  Probe  
  49  4:46  Stalker  
  49  4:48  Stalker  
  52  4:56  Probe (Chrono Boost)  
  51  5:01  Probe (Chrono Boost)  
  51  5:06  Probe (Chrono Boost)  
  52  5:11  Probe x2 (Chrono Boost)  
  50  5:14  Stalker  
  50  5:16  Observer (Chrono Boost)  
  50  5:18  Twilight Council  
  53  5:21  Assimilator  
  53  5:23  Probe x2  
  55  5:30  Immortal (Chrono Boost)  
  55  5:35  Probe  
  60  5:38  Probe  
  60  5:40  Stalker  
  63  5:47  Probe  
  64  5:50  Probe  
  64  5:54  Gateway  
  64  5:56  Gateway  
  65  6:00  Sentry  
  67  6:07  Probe x2  
  69  6:16  Nexus, Blink (Chrono Boost)  
  69  6:19  Sentry  
  71  6:29  Probe x2  
  71  6:31  Pylon  
  73  6:36  Forge  
  73  6:52  Stalker x3  
  73  6:54  Stalker  
  78  6:55  Probe  
  78  6:56  Probe  
  78  7:01  Pylon  
  80  7:02  Immortal (Chrono Boost)  
  84  7:12  Probe  
  84  7:14  Probe  
  86  7:16  Pylon  
  86  7:20  Protoss Ground Weapons Level 1 (Chrono Boost)  
  86  7:24  Warp Prism  
  86  7:26  Pylon  
  86  7:29  Probe  
  86  7:31  Probe x2  
  90  7:39  Adept x2  
  90  7:41  Probe  
  90  7:43  Probe  
  97  7:50  Stalker x2  
  101  7:53  Probe  
  101  7:55  Gateway  
  101  8:00  Probe  
  102  8:06  Probe, Stalker  
  102  8:07  Stalker  
  102  8:10  Gateway  
  107  8:21  Stalker x2  
  107  8:24  Probe  
  112  8:28  Gateway  
  112  8:31  Probe  
  112  8:34  Gateway  
  109  8:35  Gateway  
  109  8:37  Stalker x2  
  109  8:40  Probe  
  114  8:41  Photon Cannon  
  114  8:52  Stalker x2  
  114  8:54  Stalker  
  116  9:02  Stalker x2  
  116  9:07  Stalker  
  108  9:18  Zealot  
  108  9:19  Zealot x2  
  104  9:26  Zealot x2  
  104  9:27  Probe x3  
Show
View Real Time Build Order
Export as new Build Order

TeebuL Protoss 

Build Orders: Blink Stalkers 

Get SALT Encoding   

  12  0:00  Probe  
  13  0:12  Probe  
  14  0:17  Pylon  
  14  0:24  Probe (Chrono Boost)  
  15  0:36  Gateway, Probe (Chrono Boost)  
  16  0:44  Probe (Chrono Boost)  
  16  0:47  Assimilator  
  17  0:51  Probe  
  18  0:58  Assimilator  
  18  1:03  Probe (Chrono Boost)  
  19  1:11  Gateway  
  19  1:15  Probe (Chrono Boost)  
  20  1:22  Probe (Chrono Boost)  
  20  1:24  Cybernetics Core  
  21  1:29  Probe  
  22  1:36  Pylon  
  22  1:41  Probe  
  23  2:01  Stalker  
  25  2:07  Sentry  
  27  2:10  Warp Gate (Chrono Boost)  
  27  2:12  Pylon  
  27  2:18  Probe  
  28  2:31  Stalker  
  28  2:33  Stalker  
  31  2:52  Probe  
  31  2:57  Nexus  
  32  3:04  Probe  
  33  3:06  Shield Battery  
  33  3:16  Probe  
  34  3:22  Twilight Council  
  34  3:28  Probe  
  35  3:40  Probe  
  36  3:52  Probe  
  36  3:54  Adept  
  39  3:56  Shield Battery, Blink (Chrono Boost)  
  39  3:58  Pylon  
  38  4:10  Probe (Chrono Boost)  
  38  4:16  Adept  
  39  4:17  Stalker  
  39  4:19  Probe (Chrono Boost)  
  39  4:22  Probe (Chrono Boost)  
  43  4:29  Probe (Chrono Boost)  
  43  4:30  Gateway, Probe (Chrono Boost)  
  45  4:34  Probe (Chrono Boost)  
  45  4:37  Stalker  
  48  4:38  Probe  
  49  4:45  Probe  
  49  4:46  Stalker  
  49  4:51  Probe  
  53  4:57  Probe  
  52  5:03  Probe  
  48  5:10  Probe  
  46  5:15  Probe  
  46  5:19  Stalker  
  46  5:20  Stalker  
  51  5:22  Probe  
  51  5:27  Pylon  
  52  5:28  Nexus  
  52  5:33  Probe  
  52  5:34  Probe, Pylon  
  54  5:40  Stalker  
  56  5:45  Probe  
  56  5:46  Probe  
  58  5:57  Robotics Facility, Probe  
  58  5:58  Probe  
  58  6:00  Stalker x2  
  64  6:05  Assimilator  
  64  6:08  Sentry  
  64  6:09  Probe  
  67  6:12  Probe  
  67  6:15  Pylon  
  68  6:20  Shield Battery, Pylon  
  68  6:21  Probe  
  68  6:24  Probe, Stalker  
  72  6:31  Stalker  
  74  6:33  Probe, Stalker  
  74  6:39  Probe  
  78  6:42  Probe  
  78  6:46  Shield Battery, Probe (Chrono Boost)  
  78  6:51  Probe (Chrono Boost)  
  78  6:55  Observer (Chrono Boost), Probe (Chrono Boost)  
  82  7:03  Probe x2 (Chrono Boost)  
  82  7:05  Stalker x2  
  82  7:06  Probe (Chrono Boost)  
  82  7:08  Observer (Chrono Boost)  
  87  7:11  Probe (Chrono Boost)  
  87  7:12  Forge  
  91  7:16  Probe x2 (Chrono Boost)  
  91  7:18  Probe (Chrono Boost)  
  92  7:23  Gateway  
  92  7:24  Probe (Chrono Boost)  
  92  7:25  Assimilator  
  92  7:28  Probe (Chrono Boost)  
  95  7:30  Probe (Chrono Boost)  
  95  7:33  Probe (Chrono Boost)  
  95  7:37  Probe (Chrono Boost)  
  97  7:40  Observer  
  97  7:42  Protoss Ground Weapons Level 1 (Chrono Boost)  
  97  7:43  Probe (Chrono Boost)  
  98  7:44  Gateway  
  98  7:45  Gateway  
  98  7:46  Charge, Gateway  
  98  7:49  Probe (Chrono Boost)  
  98  7:50  Stalker  
  101  7:52  Pylon  
  99  8:00  Pylon  
  99  8:01  Pylon  
  99  8:04  Sentry x2  
  101  8:10  Immortal  
  104  8:17  Stalker  
  104  8:19  Probe  
  107  8:20  Probe x2  
  107  8:23  Stalker  
  110  8:31  Probe  
  110  8:34  Probe  
  112  8:36  Zealot x2  
  112  8:41  Assimilator, Pylon  
  116  8:42  Stalker x4  
  120  8:54  Stalker  
  112  8:56  Zealot x2  
  108  9:05  Zealot x4  
  99  9:15  Probe (Chrono Boost)  
  99  9:16  Probe (Chrono Boost)  
  81  9:21  Probe (Chrono Boost), Stalker x3  
  71  9:26  Probe x2 (Chrono Boost)  
  71  9:28  Stalker x3  
  71  9:30  Probe (Chrono Boost)  
  71  9:31  Probe x2 (Chrono Boost), Stalker  
Tags
 
Add a new tag
Caveats
  • Supply blocks, unpowered buildings, or Contaminate may cause inaccurate times.
  • Supply counts are checked every 10 seconds.